 Dungeon Crawl Stone Soup version 0.25.1-2-g60ff931df9 (webtiles) character file.

Game seed: 4197637667798856514

1286 Luthien the Magician (level 8, 0/46 HPs)
             Began as a Deep Elf Conjurer on Aug 19, 2020.
             Killed from afar by an electric eel (4 damage)
             ... with a bolt of electricity
             ... on level 6 of the Dungeon.
             The game lasted 00:24:58 (6081 turns).

Luthien the Magician (Deep Elf Conjurer)            Turns: 6081, Time: 00:24:58

Health: 0/46       AC: 10    Str:  5    XL:     8   Next: 30%
Magic:  17/20      EV: 12    Int: 23    God:
Gold:   263        SH:  0    Dex: 15    Spells: 6/20 levels left

rFire    . . .     SeeInvis .   R - +3 war axe
rCold    . . .     Gourm    .   (no shield)
rNeg     . . .     Faith    .   y - +0 leather armour
rPois    .         Spirit   .   Q - +0 helmet
rElec    .         Reflect  .   b - scarf {harm}
rCorr    .         Harm     +   (no gloves)
MR       .....                  s - +1 pair of boots
Stlth    ++........             T - amulet of magic regeneration
HPRegen  0.15/turn              d - +4 ring of protection
MPRegen  0.42/turn              x - ring of wizardry

@: no status effects
A: no striking features
a: no special abilities


You were on level 6 of the Dungeon.
You were near starving.

You visited 1 branch of the dungeon, and saw 6 of its levels.
You also visited: Sewer.

You collected 263 gold pieces.

Inventory:

Hand Weapons
 u - a +1 hunting sling of freezing
 P - a +1 dagger of draining
 R - a +3 war axe (weapon)
Missiles
 f - 103 sling bullets
 j - 47 arrows
 k - 169 stones (quivered)
 L - 51 bolts
 M - 6 javelins
Armour
 b - a scarf of harm (worn)
 s - a +1 pair of boots (worn)
 y - a +0 leather armour (worn)
 Q - a +0 helmet (worn)
Jewellery
 d - a +4 ring of protection (left hand)
 x - a ring of wizardry (right hand)
 T - an amulet of magic regeneration (around neck)
Wands
 D - a wand of iceblast (6)
 E - a wand of paralysis (7)
 O - a wand of acid (3)
Scrolls
 a - a scroll of enchant armour
 l - a scroll of identify
 o - 3 scrolls of remove curse
 r - a scroll of random uselessness {unknown}
 t - 9 scrolls of blinking
 z - 3 scrolls of teleportation
 A - 3 scrolls of fear {unknown}
 B - a scroll of magic mapping {unknown}
 C - 2 scrolls of amnesia {unknown}
 F - 2 scrolls of enchant weapon {unknown}
 I - 2 scrolls of immolation {unknown}
Potions
 g - 3 potions of might
 h - 3 potions of curing
 i - 6 potions of heal wounds
 m - a potion of brilliance
 p - 4 potions of magic
 v - a potion of resistance
 G - a potion of flight
 H - a potion of haste
 S - a potion of mutation
Comestibles
 c - 13 rations


   Skills:
 + Level 3.5 Fighting
 - Level 3.0 Dodging
 - Level 4.0 Stealth
 + Level 6.9 Spellcasting
 + Level 6.8 Conjurations
 + Level 4.4 Hexes
 + Level 0.6 Charms
 + Level 3.6 Evocations


You had 6 spell levels left.
You knew the following spells:

 Your Spells              Type           Power        Failure   Level  Hunger
a - Magic Dart            Conj           ####         1%          1    None
b - Searing Ray           Conj           #####.       1%          2    None
i - Iskenderun's Mystic   Conj/Tloc      ###.....     12%         4    ###....
p - Fulminant Prism       Conj/Hex       ####......   5%          4    ###....
A - Ozocubu's Armour      Chrm/Ice       #.......     14%         3    None

Your spell library contained the following spells:

 Spells                   Type           Power        Failure   Level  Hunger
 Dazzling Flash           Conj/Hex       ####..       1%          3    None
 Beastly Appendage        Tmut           #.....       5%          1    None
 Freeze                   Ice            #...         5%          1    None
 Sticks to Snakes         Tmut           #.......     9%          2    None
 Hailstorm                Conj/Ice       ###.....     12%         4    ###....
 Frozen Ramparts          Ice            #.....       16%         3    None
 Spider Form              Tmut/Pois      #.........   16%         3    None
 Ice Form                 Ice/Tmut       #.......     45%         4    ###....
 Summon Ice Beast         Ice/Summ       #.......     45%         4    ###....
 Blade Hands              Tmut           #.........   78%         5    #####..


Dungeon Overview and Level Annotations

Branches:
Dungeon (6/15)              Sewer (visited)
 Temple: D:4-7

Altars:
Gozag
Wu Jian
Xom
Yredelemnul

Annotations:
D:2 1 runed translucent door, Crazy Yiuf
D:4 2 transporters


Message History

You hear an explosion!
You are near starving!
Unknown command.
Unknown command.
Unknown command.
You enter the shallow water.
Moving in this stuff is going to be slow.
Casting: Fulminant Prism (dangerous; 5% risk of failure)
Confirm with . or Enter, or press ? or * to list all spells.
Aiming: Fulminant Prism (dangerous; 5% risk of failure)
Press: ? - help, Dir - move target cursor You conjure a prism of explosive energy!
A fulminant prism comes into view.
The electric eel shoots out a bolt of lightning at you!
The bolt of electricity hits you. The bolt of electricity hits you!
The electric eel shoots out a bolt of lightning at you!
The bolt of electricity hits you!
* * * LOW HITPOINT WARNING * * *
The bolt of electricity hits you.
You die...

...#.#..#.## #.#P.#..#.#P.
##.#....P#P..# ##. ..
#..P≈P.......#P##.# #.#
##..≈≈≈≈P.≈≈≈P...#.# #.#
#.P≈≈≈≈≈≈≈≈≈≈≈P..#.# #.#
##.≈≈≈≈≈.≈≈*.;≈≈≈.#.# #.#
##.≈≈#≈≈≈#≈≈≈#≈≈≈# #.# #.#
#≈≈≈###.###@###.####.###.###
#≈...#...#...#...#.....)....
#....................##....#
#..........................#
+.........!..........####..#
#...................#.......
#....#...#...#...#..#.......
##≈.###.###.###.#####.......
#≈≈.#≈≈≈#≈≈≈#≈≈≈#.##.......


You could see an electric eel and a friendly fulminant prism.

Vanquished Creatures
  Sigmund (D:4)
  Edmund (D:4)
  A phantom (D:4)
  2 ogres
  A scorpion (D:4)
  A water moccasin skeleton (D:5)
  An electric eel (D:6)
  2 crimson imps (D:5)
  A bullfrog zombie (D:4)
  2 orc priests (D:4)
  A hound (D:5)
  An orc wizard (D:4)
  Ijyb (D:4)
  2 worker ants (D:5)
  A hound skeleton (D:6)
  A worker ant zombie (D:5)
  Robin (D:4)
  A howler monkey skeleton (D:4)
  17 adders
  2 river rats (Sewer)
  A shadow imp (D:5)
  5 oozes
  An adder zombie (D:5)
  An adder skeleton (D:6)
  A worm (D:3)
  2 leopard geckos
  9 orcs
  8 ball pythons
  4 giant cockroaches
  9 hobgoblins
  4 jackals (D:5)
  5 bats
  6 frilled lizards
  16 goblins
  A jackal skeleton (D:5)
  5 kobolds
  A leopard gecko skeleton (D:5)
  12 rats
132 creatures vanquished.

Vanquished Creatures (others)
  10 fulminant prisms
10 creatures vanquished.

Grand Total: 142 creatures vanquished

Notes
Turn   | Place    | Note
-------+----------+-------------------------------------------
     0 | D:1      | Luthien the Deep Elf Conjurer began the quest for the Orb.
     0 | D:1      | Reached XP level 1. HP: 10/10 MP: 6/6
   578 | D:1      | Reached XP level 2. HP: 15/15 MP: 5/8
   582 | D:1      | Learned a level 2 spell: Searing Ray
  1496 | D:2      | Reached XP level 3. HP: 19/19 MP: 7/10
  2120 | D:2      | Found a runed translucent door.
  2121 | D:2      | Noticed Crazy Yiuf
  2244 | D:3      | You fall into a shaft and drop 2 floors!
  2244 | D:5      | Entered Level 5 of the Dungeon
  2244 | D:5      | Found a basalt altar of Yredelemnul.
  2248 | D:5      | Reached XP level 4. HP: 24/24 MP: 4/11
  2267 | D:5      | Found a shimmering altar of Xom.
  2285 | D:4      | Noticed Robin
  2292 | D:4      | Reached skill level 1 in Fighting
  2292 | D:4      | Reached skill level 5 in Conjurations
  2506 | D:3      | Reached XP level 5. HP: 26/29 MP: 8/13
  2582 | D:3      | Found a glowing drain.
  2586 | Sewer    | Entered a sewer
  3423 | D:3      | Learned a level 4 spell: Fulminant Prism
  3428 | D:3      | Learned a level 4 spell: Iskenderun's Mystic Blast
  3485 | D:4      | Killed Robin
  3485 | D:4      | Reached skill level 5 in Spellcasting
  3577 | D:4      | Reached XP level 6. HP: 35/35 MP: 10/15
  3791 | D:4      | Noticed Sigmund
  3803 | D:4      | Killed Sigmund
  3803 | D:4      | Reached skill level 1 in Hexes
  3803 | D:4      | Reached skill level 1 in Evocations
  3807 | D:4      | Reached XP level 7. HP: 16/40 MP: 1/17
  4080 | D:4      | Found an opulent altar of Gozag.
  4141 | D:4      | Found a transporter.
  4298 | D:4      | Found a transporter.
  4327 | D:4      | Noticed Edmund
  4353 | D:4      | Killed Edmund
  4522 | D:4      | Noticed Ijyb
  4527 | D:4      | Killed Ijyb
  4949 | D:5      | Reached XP level 8. HP: 46/46 MP: 13/19
  5548 | D:5      | Found an ornate altar of the Wu Jian Council.
  5807 | D:6      | Learned a level 3 spell: Ozocubu's Armour
  6081 | D:6      | Killed from afar by an electric eel

Illustrated notes

Levels and vault maps discovered:
D:1:      psy_arrival_spokes, layout_basic, minmay_shallow_snake_nest
D:2:      layout_basic, first_ration, minmay_fractal_squares_gapless_5,
          uniq_crazy_yiuf_cottage
D:3:      layout_rooms, gup_sewer_entry_bowl
D:4:      gammafunk_cloud_chamber, layout_basic, grunt_gozag_statues,
          uniq_robin, uniq_edmund, uniq_ijyb, uniq_sigmund
D:5:      layout_rooms, lemuel_crystal_altar, xom_teletrap_fun,
          yredelemnul_altar_generic, kennysheep_generic_room_2
D:6:      wad_lake_hut, layout_loops_ring, nemelex_xobeh_ov_fountains_minmay,
          minmay_temple_entry_overgrown

Skill      XL: |  1  2  3  4  5  6  7  8 |
---------------+-------------------------+-----
Stealth        | 3 4 |  4.0
Dodging        | 3 |  3.0
Spellcasting   | 4 5 6 |  6.9
Fighting       | 1 2 3 |  3.5
Conjurations   | 5 6 |  6.8
Hexes          | 2 3 4 |  4.4
Evocations     | 1 3 |  3.6
Charms         | |  0.6

Action                   |  1- 3 |  4- 6 |  7- 9 || total
-------------------------+-------+-------+-------++-------
Melee: Dagger            |     2 |     3 |       ||     5
 Cast: Magic Dart        |    21 |     8 |     2 ||    31
       Searing Ray       |    22 |    37 |    34 ||    93
       Fulminant Prism   |       |     1 |    10 ||    11
Evoke: Wand              |       |     1 |     2 ||     3
  Use: Scroll            |     5 |       |     9 ||    14
  Eat: Chunk             |     4 |     6 |     6 ||    16
Armor: Robe              |     6 |     7 |     4 ||    17
Dodge: Dodged            |    18 |    20 |     8 ||    46
